 Dungeon Crawl Stone Soup version 0.26-a0-651-gb41185065b (webtiles) character file.

Game seed: 13213002972371230146

(classic levelgen) 1599 EnegeticOcto the Chopper (level 8, 0/73 HPs)
             Began as a Deep Dwarf Fighter on Oct 7, 2020.
             Was a Believer of Makhleb.
             Succumbed to a big kobold's poison
             ... on level 6 of the Dungeon.
             The game lasted 00:02:17 (2274 turns).

EnegeticOcto the Chopper (Deep Dwarf Fighter)       Turns: 2274, Time: 00:02:18

Health: 0/73       AC: 10    Str: 21    XL:     8   Next: 62%
Magic:  12/12      EV:  8    Int: 10    God:    Makhleb [**....]
Gold:   139        SH: 10    Dex: 12    Spells: 7/7 levels left

rFire    . . .     SeeInvis +   a - +0 war axe
rCold    . . .     Faith    .   c - +0 kite shield
rNeg     . . .     Spirit   .   b - +0 scale mail
rPois    .         Reflect  .   (no helmet)
rElec    .         Harm     .   i - +2 cloak of the Thief {*Fog Slay-2 SInv Stlth+}
rCorr    .         Rampage  .   (no gloves)
MR       +....                  (no boots)
Stlth    +.........             (no amulet)
HPRegen  0.00/turn              (no ring)
MPRegen  0.13/turn              (no ring)

@: lethally poisoned (0 -> -28), non-regenerating
A: damage resistance, heal wounds, sense surroundings 1, no regeneration
a: Heal Wounds, Minor Destruction, Renounce Religion


You were on level 6 of the Dungeon.
You worshipped Makhleb.
Makhleb was pleased with you.
You visited 2 branches of the dungeon, and saw 7 of its levels.
You also visited: Ossuary.

You collected 244 gold pieces.
You spent 105 gold pieces at shops.

Inventory:

Hand Weapons
 a - a +0 war axe (weapon)
Armour
 b - a +0 scale mail (worn)
 c - a +0 kite shield (worn)
 i - the +2 cloak of the Thief (worn) {*Fog Slay-2 SInv Stlth+}
   (You found it on level 6 of the Dungeon)

   It affects your accuracy and damage with ranged weapons and melee attacks
   (-2).
   It lets you see invisible.
   It makes you more stealthy.
Wands
 o - a wand of iceblast (10) {@v2}
Scrolls
 h - 2 scrolls of teleportation {@r3}
 j - 3 scrolls of blinking
 k - 3 scrolls of remove curse {@r2}
Potions
 d - 2 potions of might {@q3}
 e - 2 potions of curing {unknown}
 f - a potion of heal wounds {unknown}
 g - 2 potions of flight
 m - a potion of magic
 p - a potion of invisibility
 r - a potion of berserk rage
 s - a potion of haste {@q4}
 t - a potion of mutation {unknown}


   Skills:
 + Level 4.8 Fighting
 * Level 7.2 Axes
 + Level 5.9 Armour
 + Level 5.9 Shields
 + Level 5.4 Invocations


You had 7 spell levels left.
You didn't know any spells.
Your spell library was empty.

Dungeon Overview and Level Annotations

Branches:
Dungeon (6/15)             Temple (1/1) D:4         Ossuary (visited)

Altars:
Cheibriados
Dithmenos
Elyvilon
Fedhas
Gozag
Hepliaklqana
Kikubaaqudgha
Makhleb
Okawaru
Qazlal
Trog
Uskayaw
Wu Jian
Xom
Yredelemnul
Zin

Shops:
D:4 ?

Annotations:
D:6 4 runed translucent doors


Innate Abilities, Weirdness & Mutations

You are resistant to damage.
You can heal yourself by infusing magical energy.
You passively map a small area around you.
You do not regenerate.


Message History

No reachable target in view!
No reachable target in view!
No reachable target in view!
No reachable target in view!
No reachable target in view!
No reachable target in view!
No reachable target in view!
No reachable target in view!
No reachable target in view!
No reachable target in view!
No reachable target in view!
You open the door.
Found 9 gold pieces.
There is an open door here.
You now have 139 gold pieces (gained 9).
An orc comes into view.
The orc shouts!
You hear a shout!
You closely miss the orc.
A big kobold comes into view.
It is wielding a +2 short sword of venom.
The orc hits you.
You hit the orc.
The orc is lightly wounded.
The orc hits you but does no damage.
You slash the orc!
You kill the orc!
Makhleb accepts your kill.
You feel better.
You barely miss the big kobold. The big kobold closely misses you.
The big kobold hits you with a +2 short sword of venom.
You are poisoned.
You hit the big kobold.
The big kobold is lightly wounded.
The big kobold hits you but does no damage.
You are more poisoned.
You barely miss the big kobold.
The big kobold is lightly wounded.
The big kobold hits you but does no damage.
You are more poisoned.
You closely miss the big kobold.
The big kobold is lightly wounded.
The big kobold closely misses you. You block the big kobold's attack.
You barely miss the big kobold.
The big kobold is lightly wounded.
The big kobold hits you but does no damage.
You are more poisoned.
You barely miss the big kobold.
The big kobold is lightly wounded.
You feel sick.
The big kobold hits you with a +2 short sword of venom.
You miss the big kobold.
The big kobold is lightly wounded.
You feel very sick.
The big kobold hits you but does no damage.
You are more poisoned.
You hit the big kobold.
The big kobold is moderately wounded.
You feel sick.
The big kobold hits you but does no damage.
You are more poisoned.
The big kobold barely misses you.
You barely miss the big kobold.
The big kobold is moderately wounded.
You feel very sick.
The big kobold hits you with a +2 short sword of venom.
You closely miss the big kobold.
The big kobold is moderately wounded.
You feel sick.
The big kobold hits you but does no damage.
You are more poisoned.
You barely miss the big kobold.
The big kobold is moderately wounded.
You feel very sick.
The big kobold hits you with a +2 short sword of venom.
You are lethally poisoned!
You closely miss the big kobold.
The big kobold is moderately wounded.
* * * LOW HITPOINT WARNING * * *
You feel very sick. You block the big kobold's attack.
The big kobold hits you but does no damage.
You are more poisoned.
You barely miss the big kobold.
The big kobold is moderately wounded.
* * * LOW HITPOINT WARNING * * *
You feel very sick. The big kobold barely misses you.
You closely miss the big kobold.
The big kobold is moderately wounded.
* * * LOW HITPOINT WARNING * * *
You feel very sick.
The big kobold hits you but does no damage.
You are more poisoned.
You slash the big kobold!
The big kobold is almost dead.
* * * LOW HITPOINT WARNING * * *
You feel very sick. The big kobold closely misses you.
You closely miss the big kobold.
The big kobold is almost dead.
You die...

#..+F.....+.#
#..+u.....+.## *
####$.#8....8#..####
##..††.##8/[8##.....#
#.......######.......
* #...###'# #'###... *
#...##.#.# ###.†.##..
#.#.#.#.##, #.##.#.#..
*
#.#,#@###,,*#.#.##.#..
, ,. , #K# #.##.#.#..
, #.#, #..###.#.. ,
,##. ##....##.# * * ,
# * ,######..# * , ,
,, ...## , * * ..##*
#.* ,


You could see a big kobold.

Vanquished Creatures
  A hornet (D:6)
  Menkaure (D:5)
  A phantom (D:4)
  2 ogres
  2 centaurs (D:5)
  4 bullfrogs (D:6)
  3 water moccasin zombies (Ossuary)
  3 hounds
  A jelly (D:6)
  An orc wizard (D:6)
  3 worker ants
  4 big kobold zombies (Ossuary)
  A hound skeleton (D:4)
  2 mummies (Ossuary)
  2 adders (D:5)
  2 white imps (D:5)
  An ooze (D:5)
  An adder skeleton (D:6)
  5 adder zombies (Ossuary)
  2 dart slugs
  2 leopard geckos
  8 orcs
  2 giant cockroaches
  A gnoll zombie (Ossuary)
  2 goblins (D:1)
  A hobgoblin (D:1)
  4 jackals (D:2)
  A quokka (D:5)
  A ball python skeleton (D:4)
  3 frilled lizards
  9 hobgoblin zombies (Ossuary)
  3 kobolds (D:1)
  3 kobold zombies (Ossuary)
  A leopard gecko skeleton (D:4)
  7 orc zombies (Ossuary)
  A quokka zombie (D:6)
  3 rats (D:1)
94 creatures vanquished.

Notes
Turn   | Place    | Note
-------+----------+-------------------------------------------
     0 | D:1      | EnegeticOcto the Deep Dwarf Fighter began the quest for the
                  | Orb.
     0 | D:1      | Reached XP level 1. HP: 20/20 MP: 1/1
   126 | D:1      | Reached XP level 2. HP: 25/27 MP: 2/2
   320 | D:4      | Found a staircase to the Ecumenical Temple.
   328 | Temple   | Entered the Ecumenical Temple
   426 | Temple   | Became a worshipper of Makhleb the Destroyer
   469 | D:4      | Reached skill level 3 in Axes
   469 | D:4      | Reached XP level 3. HP: 33/33 MP: 3/3
   484 | D:4      | Noticed an ogre
   494 | D:4      | Killed an ogre
   494 | D:4      | Reached skill level 1 in Invocations
   494 | D:4      | Reached XP level 4. HP: 25/42 MP: 3/5
   549 | D:4      | Reached XP level 5. HP: 29/49 MP: 6/6
   565 | D:4      | Reached skill level 4 in Axes
   615 | D:4      | Found Talo's Magic Scroll Shop.
   661 | D:4      | Noticed a phantom
   715 | D:4      | Killed a phantom
   715 | D:4      | Reached XP level 6. HP: 26/56 MP: 7/7
   983 | D:4      | Bought a scroll of blinking for 105 gold pieces
  1018 | D:5      | Entered Level 5 of the Dungeon
  1197 | D:5      | Found a sand-covered staircase.
  1214 | D:5      | Reached skill level 5 in Axes
  1219 | Ossuary  | Entered an ossuary
  1280 | Ossuary  | Reached XP level 7. HP: 34/63 MP: 9/9
  1290 | Ossuary  | Reached * piety under Makhleb
  1373 | Ossuary  | Reached skill level 5 in Shields
  1384 | Ossuary  | Reached skill level 5 in Armour
  1474 | D:5      | Found a blossoming altar of Fedhas.
  1552 | D:5      | Noticed Menkaure
  1561 | D:5      | Killed Menkaure
  1561 | D:5      | Reached skill level 6 in Axes
  1936 | D:6      | Reached XP level 8. HP: 48/73 MP: 11/11
  1961 | D:6      | Noticed a hornet
  1978 | D:6      | Killed a hornet
  1991 | D:6      | Reached ** piety under Makhleb
  2003 | D:6      | Reached skill level 5 in Invocations
  2066 | D:6      | Found a burning altar of Makhleb.
  2095 | D:6      | Reached skill level 7 in Axes
  2136 | D:6      | Found a large runed translucent door.
  2137 | D:6      | Found a large runed translucent door.
  2142 | D:6      | Noticed a purple ugly thing
  2192 | D:6      | Found the +2 cloak of the Thief {*Fog Slay-2 SInv Stlth+}
  2223 | D:6      | Found a large runed translucent door.
  2223 | D:6      | Found a large runed translucent door.
  2274 | D:6      | Succumbed to a big kobold's poison

Illustrated notes

Levels and vault maps discovered:
D:1:      nzn_arrival_settlement, layout_basic, kennysheep_doodads,
          skrybe_limestone_x
D:2:      layout_basic, lemuel_round_altar, ashenzari_altar_1, hex_intersection
D:3:      layout_loops_corners, nicolae_tso_swordbearing_angel,
          nicolae_ru_the_path_less_chosen, portal_sewer_entry_f
D:4:      layout_gridville, minmay_temple_entry_junction_2, serial_shops, shop
D:5:      layout_gridville, overflow_temple_1_default,
          nicolae_ossuary_entry_monument, chequers_big_river, uniq_menkaure
D:6:      layout_loops_ring, lemuel_coloured_pillars_altar, basic_altar,
          minmay_misc_feat_secret_circle, roderic_lattice_a,
          minmay_hollow_rounded_squares
Temple:   regret_index_temple_waves

Skill      XL: |  1  2  3  4  5  6  7  8 |
---------------+-------------------------+-----
Axes           | 3 4 5 6 7 |  7.2
Fighting       | 3 4 |  4.8
Shields        | 4 5 |  5.9
Invocations    | 1 2 3 4 5 |  5.4
Armour         | 4 5 |  5.9

Action                   |  1- 3 |  4- 6 |  7- 9 || total
-------------------------+-------+-------+-------++-------
Melee: War axe           |    60 |   119 |   200 ||   379
 Abil: Heal Wounds       |     1 |     3 |     6 ||    10
  Use: Scroll            |       |       |    12 ||    12
Armor: Scale mail        |    19 |    51 |    80 ||   150
Dodge: Dodged            |    18 |    37 |    56 ||   111
Block: Kite shield       |    35 |    59 |   119 ||   213

Table legend: (Time is in decaauts)
 A = Elapsed time spent in this place.
 B = Non-inter-level travel time spent in this place.
 C = Inter-level travel time spent in this place.
 D = Time resting spent in this place.
 E = Time spent auto-exploring this place.
 F = Levels seen in this place.
 G = Mean time per level.
                   A        B        C        D        E       F      G
               +--------+--------+--------+--------+--------+-----+--------+
         Total |   2413 |   2202 |    211 |      0 |   1405 |   8 |  301.6 |
       Dungeon |   2050 |   1873 |    177 |      0 |   1255 |   6 |  341.7 |
        Temple |    130 |     96 |     34 |      0 |     94 |   1 |  130.0 |
       Ossuary |    231 |    231 |      0 |      0 |     56 |   1 |  231.0 |
               +--------+--------+--------+--------+--------+-----+--------+

Top non-repeatable levels by time:
     D:5: 729 daAuts
     D:4: 606 daAuts
     D:6: 386 daAuts
 Ossuary: 231 daAuts
     D:1: 159 daAuts
  Temple: 130 daAuts
     D:3: 129 daAuts
     D:2: 39 daAuts
